[Event "ICC tourney 2533 (25 5)"]
[Site "Internet Chess Club"]
[Date "2021.04.25"]
[Round "6"]
[White "PEREZ, MARCOS:K09-15942255"]
[Black "A STIDHAM, ALLEN:K09-16027993"]
[Result "0-1"]
[ICCResult "White checkmated"]
[WhiteElo "584"]
[BlackElo "1041"]
[Opening "Scandinavian (center counter) defense"]
[ECO "B01"]
[NIC "VO.17"]
[Time "13:13:11"]
[PlyCount "106"]
[TimeControl "1500+5"]

1. e4 d5 2. Nc3 d4 3. Nd5 e6 4. Nf4 e5 5. Nd3 Be6 6. Nf3 f6 7. c3 dxc3 8.
dxc3 Nc6 9. Be3 Bd6 10. Nc5 Bxc5 11. Bxc5 Qxd1+ 12. Rxd1 b6 13. Be3 Bxa2
14. Bb5 Ne7 15. Nd2 a6 16. Bc4 Bxc4 17. Nxc4 O-O 18. O-O Rfd8 19. h4 Ng6
20. f4 Nxh4 21. fxe5 b5 22. Na3 fxe5 23. Bg5 Rxd1 24. Rxd1 Ng6 25. c4 b4
26. Nc2 a5 27. b3 a4 28. bxa4 Rxa4 29. c5 b3 30. Ne3 Rxe4 31. Nf5 b2 32.
Ne7+ Ngxe7 33. Bxe7 Nxe7 34. Rb1 Rb4 35. g4 Nd5 36. g5 Nc3 37. Rxb2 Rxb2
38. g6 hxg6 39. c6 Rb8 40. Kf1 e4 41. Ke1 g5 42. Kd2 Nd5 43. Ke2 Rf8 44.
Kd2 g4 45. Ke2 g3 46. Ke1 g2 47. Ke2 g1=Q 48. Kd2 Qe3+ 49. Kd1 Nf6 50. Kc2
Rd8 51. Kb2 Qc5 52. Kb3 Rb8+ 53. Ka2 Qa7# { White checkmated } 0-1

[Event "ICC tourney 2533 (25 5)"]
[Site "Internet Chess Club"]
[Date "2021.04.25"]
[Round "6"]
[White "THOMAS HOMAN DORFMAN, JOSH:K09-16684523"]
[Black "GAW, CHLOE:K09-16608942"]
[Result "0-1"]
[ICCResult "White checkmated"]
[WhiteElo "533"]
[BlackElo "1719"]
[Opening "Sicilian: Alapin's variation (2.c3)"]
[ECO "B22"]
[NIC "SI.47"]
[Time "13:12:29"]
[PlyCount "138"]
[TimeControl "1500+5"]

1. e4 c5 2. c3 Nf6 3. e5 Nd5 4. d4 cxd4 5. cxd4 d6 6. Bc4 e6 7. Nf3 Nc6 8.
Nc3 Nxc3 9. bxc3 dxe5 10. Bb5 exd4 11. Nxd4 Bd7 12. Be3 Nxd4 13. Bxd7+ Qxd7
14. cxd4 Be7 15. O-O O-O 16. Qg4 Bf6 17. Rab1 Rfd8 18. Rfd1 Rac8 19. Qe4 b6
20. Rbc1 Rxc1 21. Rxc1 h6 22. Rd1 Qd5 23. Qxd5 Rxd5 24. Kf1 e5 25. Ke2 exd4
26. Kf3 Ra5 27. Bxd4 Bxd4 28. Rxd4 Rxa2 29. Rd8+ Kh7 30. Rd7 Kg6 31. h4 b5
32. Rb7 a6 33. Rb6+ f6 34. g4 Ra4 35. Kg3 b4 36. f4 Ra3+ 37. Kf2 b3 38. Rb7
Ra2+ 39. Ke3 a5 40. Rxb3 a4 41. Rd3 a3 42. f5+ Kh7 43. Kd4 Ra1 44. Kc4 Rg1
45. Kb3 Rxg4 46. Kxa3 Rxh4 47. Kb3 Rf4 48. Rd5 h5 49. Kc3 h4 50. Kd3 h3 51.
Ke3 h2 52. Rd1 Rxf5 53. Rh1 Rh5 54. Kf3 g5 55. Kg4 Kg6 56. Kg3 f5 57. Kf3
f4 58. Kg4 Rh4+ 59. Kf3 Kf5 60. Kg2 Kg4 61. Rxh2 Rxh2+ 62. Kxh2 Kf3 63. Kg1
g4 64. Kf1 g3 65. Kg1 g2 66. Kh2 Kf2 67. Kh3 g1=Q 68. Kh4 Qg6 69. Kh3 Qg3#
{ White checkmated } 0-1

[Event "ICC tourney 2533 (25 5)"]
[Site "Internet Chess Club"]
[Date "2021.04.25"]
[Round "6"]
[White "ALEXANDER GO, JORDAN:K09-16066782"]
[Black "FAN, JEREMY:K09-16878614"]
[Result "1-0"]
[ICCResult "Black checkmated"]
[WhiteElo "1430"]
[BlackElo "715"]
[Opening "Sicilian: Najdorf"]
[ECO "B90"]
[NIC "SI.14"]
[Time "13:12:52"]
[PlyCount "77"]
[TimeControl "1500+5"]

1. e4 c5 2. Nf3 d6 3. d4 cxd4 4. Nxd4 Nf6 5. Nc3 a6 6. f3 e6 7. Be3 Be7 8.
Qd2 Bd7 9. g4 h6 10. O-O-O Nc6 11. Be2 b5 12. h4 b4 13. Nb1 a5 14. g5 hxg5
15. hxg5 Nh7 16. Rh2 Nxd4 17. Qxd4 Bxg5 18. f4 Bf6 19. e5 dxe5 20. fxe5 Bg5
21. Qe4 Bxe3+ 22. Qxe3 Ke7 23. Bb5 Rc8 24. Rxd7+ Qxd7 25. Bxd7 Kxd7 26.
Qa7+ Ke8 27. Rf2 Ng5 28. Qb7 Rh1+ 29. Qxh1 a4 30. Qh8+ Kd7 31. Rd2+ Kc7 32.
Qxg7 Ne4 33. Qxf7+ Kb8 34. Rd7 Nc5 35. Re7 b3 36. Qf1 bxa2 37. Qb5+ Ka8 38.
Qa5+ Kb8 39. Qa7# { Black checkmated } 1-0

[Event "ICC tourney 2533 (25 5)"]
[Site "Internet Chess Club"]
[Date "2021.04.25"]
[Round "6"]
[White "MAHESHWARI, JAYANT:K09-14966376"]
[Black "GODLAVETI, PRACHETH:K09-15635626"]
[Result "1-0"]
[ICCResult "Black resigns"]
[WhiteElo "2059"]
[BlackElo "1725"]
[Opening "French: Steinitz, Boleslavsky variation"]
[ECO "C11"]
[NIC "FR.04"]
[Time "13:12:46"]
[PlyCount "57"]
[TimeControl "1500+5"]

1. e4 e6 2. d4 d5 3. Nc3 Nf6 4. e5 Nfd7 5. f4 c5 6. Nf3 Nc6 7. Be3 cxd4 8.
Nxd4 Nxd4 9. Bxd4 Bc5 10. Qd2 Bxd4 11. Qxd4 Qb6 12. Nb5 Qxd4 13. Nxd4 a6
14. h4 Nc5 15. h5 h6 16. Bd3 Nxd3+ 17. cxd3 Bd7 18. Kd2 O-O-O 19. Rh3 f5
20. Rg3 Rhg8 21. Rh1 Rde8 22. Rg6 Kd8 23. g4 fxg4 24. Rg1 Ke7 25. R1xg4 Kf7
26. Rg1 Ref8 27. f5 Re8 28. fxe6+ Bxe6 29. Rf1+ { Black resigns } 1-0

[Event "ICC tourney 2533 (25 5)"]
[Site "Internet Chess Club"]
[Date "2021.04.25"]
[Round "6"]
[White "ZENG, LUCY:K09-17101736"]
[Black "BUCHIREDDY, ARYAN:K09-17330263"]
[Result "1-0"]
[ICCResult "Black checkmated"]
[WhiteElo "1228"]
[BlackElo "844"]
[Opening "French: Winawer, advance variation"]
[ECO "C17"]
[NIC "FR.10"]
[Time "13:12:12"]
[PlyCount "87"]
[TimeControl "1500+5"]

1. e4 e6 2. d4 d5 3. Nc3 Bb4 4. e5 c5 5. Nf3 Nc6 6. Bd2 Bxc3 7. Bxc3 Nge7
8. dxc5 O-O 9. Bd3 Bd7 10. O-O Ng6 11. b4 a6 12. Re1 Qc7 13. Qd2 Rad8 14.
Bb2 Bc8 15. a4 d4 16. Bxd4 Nxd4 17. Nxd4 Rxd4 18. c3 Rd7 19. Qc2 Rfd8 20.
Rad1 Nxe5 21. Bxh7+ Kf8 22. Rxd7 Rxd7 23. Qc1 Nd3 24. Bxd3 Rxd3 25. Rd1 Qd7
26. Rxd3 Qxd3 27. h4 Bd7 28. a5 Bc6 29. Qe1 Qc4 30. f3 Ke7 31. Qe5 Qxh4 32.
Qxg7 Bb5 33. Qe5 Qc4 34. Qd6+ Kf6 35. Qd8+ Ke5 36. Qg5+ f5 37. Qg7+ Kf4 38.
Qh6+ Ke5 39. Qg7+ Kd5 40. Qxb7+ Bc6 41. Qc7 Qb5 42. Qf4 Qd3 43. c4+ Qxc4
44. Qd6# { Black checkmated } 1-0

[Event "ICC tourney 2533 (25 5)"]
[Site "Internet Chess Club"]
[Date "2021.04.25"]
[Round "6"]
[White "LI, AUSTIN:K09-16606238"]
[Black "TOBY LYU, ETHAN:K09-16195991"]
[Result "0-1"]
[ICCResult "White checkmated"]
[WhiteElo "1204"]
[BlackElo "1838"]
[Opening "Sicilian: Labourdonnais-Löwenthal variation"]
[ECO "B32"]
[NIC "SI.32"]
[Time "13:12:48"]
[PlyCount "66"]
[TimeControl "1500+5"]

1. e4 c5 2. Nf3 Nc6 3. d4 cxd4 4. Nxd4 e5 5. Nf3 Nf6 6. Nc3 Bb4 7. Bd2 Bxc3
8. Bxc3 Nxe4 9. Bxe5 Nxe5 10. Nxe5 Qa5+ 11. c3 Qxe5 12. Qe2 Qe7 13. O-O-O
Nf6 14. Qd2 O-O 15. Bc4 Qc5 16. Bb3 a5 17. a3 b5 18. a4 Bb7 19. f3 Rfe8 20.
Kb1 bxa4 21. Bxa4 Bc6 22. Bb3 a4 23. Ba2 Rab8 24. Rhf1 Qb5 25. Rf2 Re7 26.
g4 Rbe8 27. Qf4 Re2 28. Rd2 Rxf2 29. Bc4 Qb6 30. Rxf2 Qxf2 31. g5 Nd5 32.
Qf5 Nxc3+ 33. bxc3 Re1# { White checkmated } 0-1

[Event "ICC tourney 2533 (25 5)"]
[Site "Internet Chess Club"]
[Date "2021.04.25"]
[Round "6"]
[White "GANESAN, VIKRANT:K09-16786952"]
[Black "JUSTICE, DREW:K09-14561797"]
[Result "0-1"]
[ICCResult "White checkmated"]
[WhiteElo "1628"]
[BlackElo "2030"]
[Opening "QGA, 4.Nc3"]
[ECO "D24"]
[NIC "QG.05"]
[Time "13:13:14"]
[PlyCount "60"]
[TimeControl "1500+5"]

1. d4 d5 2. c4 dxc4 3. Nf3 Nf6 4. Nc3 e6 5. e4 a6 6. Bxc4 b5 7. Bd3 Bb7 8.
O-O c5 9. dxc5 Bxc5 10. Bg5 Be7 11. a3 h6 12. Bh4 O-O 13. Qe2 Nc6 14. Rfd1
Qb6 15. e5 Ne8 16. Qe4 g6 17. Qg4 Ng7 18. Bf6 Nf5 19. Nh4 Bxf6 20. exf6 Ne5
21. Qh3 Rad8 22. Bxf5 exf5 23. Nxf5 gxf5 24. Qxh6 Qxf2+ 25. Kxf2 Ng4+ 26.
Kg1 Nxh6 27. Rf1 Rd2 28. b4 Rxg2+ 29. Kh1 Rg3+ 30. Rf3 Bxf3# { White
checkmated } 0-1

[Event "ICC tourney 2533 (25 5)"]
[Site "Internet Chess Club"]
[Date "2021.04.25"]
[Round "6"]
[White "CHAKRAVARTY, ARITRO:K09-16061277"]
[Black "ALBEEZ, NURAYDA:K09-15657166"]
[Result "1-0"]
[ICCResult "Black checkmated"]
[WhiteElo "1886"]
[BlackElo "1351"]
[Opening "Queen's Indian: old main line, 7.Nc3"]
[ECO "E18"]
[NIC "QI.09"]
[Time "13:09:52"]
[PlyCount "93"]
[TimeControl "1500+5"]

1. d4 Nf6 2. Nf3 b6 3. g3 Bb7 4. Bg2 e6 5. O-O Be7 6. c4 O-O 7. Nc3 d5 8.
b3 c5 9. cxd5 Nxd5 10. Bb2 Nxc3 11. Bxc3 Nc6 12. Rc1 Nxd4 13. Nxd4 Bxg2 14.
Nxe6 Qxd1 15. Rfxd1 fxe6 16. Rd7 Bf6 17. Bxf6 Rxf6 18. Kxg2 Raf8 19. f3
R6f7 20. Rcd1 h6 21. R1d6 Rxd7 22. Rxd7 Rf7 23. Rd8+ Kh7 24. Re8 Rd7 25.
Rxe6 Rd2 26. a4 Rb2 27. Re3 a6 28. Kf2 b5 29. axb5 axb5 30. Re5 c4 31. bxc4
bxc4 32. Rc5 Rc2 33. Ke3 Kg6 34. h4 h5 35. f4 Rc3+ 36. Kf2 Kh6 37. f5 Rc1
38. e4 c3 39. e5 Kh7 40. e6 Kg8 41. Rc8+ Kh7 42. e7 Rc2+ 43. Ke3 Rg2 44.
e8=Q Rxg3+ 45. Kf4 Rg4+ 46. Ke5 c2 47. Qxh5# { Black checkmated } 1-0

[Event "ICC tourney 2533 (25 5)"]
[Site "Internet Chess Club"]
[Date "2021.04.25"]
[Round "6"]
[White "MURUGAN AYYAPPAN, AADARSINI:K09-16041583"]
[Black "SAI POTHURI, ABHIRAM:K09-15560780"]
[Result "1/2-1/2"]
[ICCResult "Game drawn by mutual agreement"]
[WhiteElo "1544"]
[BlackElo "1948"]
[Opening "Queen's pawn: London system"]
[ECO "A45"]
[NIC "QP.07"]
[Time "13:11:48"]
[PlyCount "50"]
[TimeControl "1500+5"]

1. d4 Nf6 2. Bf4 g6 3. Nc3 d5 4. e3 Bg7 5. Nf3 O-O 6. Be2 b6 7. h4 c5 8.
Qd2 Ne4 9. Nxe4 dxe4 10. Ng5 cxd4 11. exd4 Qxd4 12. Qxd4 Bxd4 13. c3 Bf6
14. Nxe4 Nc6 15. Nxf6+ exf6 16. O-O-O Be6 17. Kb1 Ne5 18. h5 g5 19. Be3
Rad8 20. Bd4 h6 21. Rdf1 Bf5+ 22. Ka1 Nc6 23. Be3 Na5 24. Bd4 Nc6 25. Be3
Na5 { Game drawn by mutual agreement } 1/2-1/2

[Event "ICC tourney 2533 (25 5)"]
[Site "Internet Chess Club"]
[Date "2021.04.25"]
[Round "6"]
[White "V V SHI, ROGER:K09-16191192"]
[Black "FRANCISCO VARELA, CARLOS:K09-16399805"]
[Result "1/2-1/2"]
[ICCResult "Game drawn by repetition"]
[WhiteElo "1572"]
[BlackElo "2011"]
[Opening "Ruy Lopez: Marshall, main line, 14...Qh3"]
[ECO "C89"]
[NIC "RL.17"]
[Time "13:12:22"]
[PlyCount "72"]
[TimeControl "1500+5"]

1. e4 e5 2. Nf3 Nc6 3. Bb5 a6 4. Ba4 Nf6 5. O-O b5 6. Bb3 Be7 7. Re1 O-O 8.
c3 d5 9. exd5 Nxd5 10. Nxe5 Nxe5 11. Rxe5 c6 12. d4 Bd6 13. Re1 Qh4 14. g3
Qh3 15. Qd3 Bg4 16. Qf1 Rae8 17. Bxd5 cxd5 18. Be3 f5 19. Qxh3 Bxh3 20. f4
g5 21. Nd2 gxf4 22. Bxf4 Bxf4 23. gxf4 h6 24. Nf3 Re4 25. Kf2 Bg4 26. Rxe4
fxe4 27. Ne5 Bh5 28. Rg1+ Kh7 29. Ke3 Be8 30. Rg3 Rf5 31. h4 Rh5 32. Rg4
Rf5 33. Rg3 Rh5 34. Rg4 Rf5 35. Rg3 Rh5 36. Rg4 Rf5 { Game drawn by
repetition } 1/2-1/2

[Event "ICC tourney 2533 (25 5)"]
[Site "Internet Chess Club"]
[Date "2021.04.25"]
[Round "6"]
[White "LANDE SHUMAN, NATHANIEL:K09-14782020"]
[Black "SMITH, SILAS:K09-15797197"]
[Result "1-0"]
[ICCResult "Black resigns"]
[WhiteElo "2133"]
[BlackElo "1694"]
[Opening "Queen's pawn, Mason variation"]
[ECO "D00"]
[NIC "QP.08"]
[Time "13:10:49"]
[PlyCount "73"]
[TimeControl "1500+5"]

1. d4 d5 2. Bf4 Nf6 3. e3 c6 4. c4 e6 5. Nc3 Bd6 6. Bg3 Bxg3 7. hxg3 Nbd7
8. Nf3 a6 9. Bd3 dxc4 10. Bxc4 b5 11. Bd3 O-O 12. Qc2 h6 13. Ne4 Bb7 14.
Rc1 Nxe4 15. Bxe4 Qa5+ 16. Qd2 Qxa2 17. g4 Nf6 18. Bb1 Qd5 19. Rc5 Ne4 20.
Qc2 Rac8 21. Qxe4 Qxe4 22. Bxe4 a5 23. Kd2 a4 24. g5 f5 25. gxf6 Rxf6 26.
Rhc1 b4 27. Bxc6 Rf7 28. Bxb7 Rxc5 29. dxc5 Rxb7 30. Nd4 a3 31. bxa3 bxa3
32. c6 Rb2+ 33. Nc2 a2 34. c7 Rxc2+ 35. Kxc2 a1=Q 36. c8=Q+ Kf7 37. Qd7+ {
Black resigns } 1-0

[Event "ICC tourney 2533 (25 5)"]
[Site "Internet Chess Club"]
[Date "2021.04.25"]
[Round "6"]
[White "VENIGALLA, THAMAN:K09-15782351"]
[Black "WILLIAM WHITE, CHARLES:K09-17140270"]
[Result "1-0"]
[ICCResult "Black resigns"]
[WhiteElo "242"]
[BlackElo "857"]
[Opening "Pirc: classical (two knights) system"]
[ECO "B08"]
[NIC "PU.10"]
[Time "13:15:03"]
[PlyCount "107"]
[TimeControl "1500+5"]

1. e4 d6 2. d4 g6 3. Nf3 Nf6 4. Nc3 Bg7 5. Bc4 Nc6 6. O-O O-O 7. Re1 Bg4 8.
h3 Bxf3 9. Qxf3 Nd7 10. d5 Nce5 11. Qe2 a6 12. Bf4 b5 13. Bxe5 dxe5 14. Bd3
Nc5 15. Red1 e6 16. dxe6 Nxe6 17. Bxb5 Qe7 18. Bd3 f5 19. exf5 gxf5 20. Nd5
Qf7 21. Bc4 Kh8 22. Nc3 Qf6 23. Bd5 Nd4 24. Qd2 Rad8 25. Qd3 c6 26. Bf3 e4
27. Nxe4 Nxf3+ 28. Qxf3 fxe4 29. Qxf6 Bxf6 30. Re1 Bxb2 31. Rab1 Be5 32.
Rxe4 Rde8 33. Rbe1 Rf5 34. f4 c5 35. Rxe5 Ref8 36. Rxf5 Rxf5 37. g3 Kg7 38.
Kg2 Rd5 39. Kf3 c4 40. Ke4 Rb5 41. Kd4 Rb2 42. Kxc4 Rxc2+ 43. Kb3 Rc6 44.
Re3 a5 45. Rc3 Rxc3+ 46. Kxc3 Kg6 47. Kd3 h5 48. Ke3 Kf5 49. Kf3 a4 50. g4+
Ke6 51. gxh5 Kd5 52. h6 Kd4 53. h7 Kc3 54. h8=Q+ { Black resigns } 1-0

[Event "ICC tourney 2533 (25 5)"]
[Site "Internet Chess Club"]
[Date "2021.04.25"]
[Round "6"]
[White "KANSARA, SATYEN:K09-16412456"]
[Black "ROSE SAFRANEK, VEDA:K09-14975007"]
[Result "0-1"]
[ICCResult "White checkmated"]
[WhiteElo "461"]
[BlackElo "1681"]
[Opening "Scotch game"]
[ECO "C45"]
[NIC "SO.05"]
[Time "13:09:58"]
[PlyCount "104"]
[TimeControl "1500+5"]

1. e4 e5 2. Nf3 Nc6 3. d4 exd4 4. Nxd4 Bc5 5. Nxc6 dxc6 6. Qxd8+ Kxd8 7.
Bc4 Ke7 8. O-O Nf6 9. Nc3 Re8 10. Bg5 h6 11. Bxf6+ gxf6 12. Rad1 Rg8 13.
Ne2 Bg4 14. Rd2 Rad8 15. Rxd8 Rxd8 16. h3 Bc8 17. Nc3 Rg8 18. g4 h5 19. Na4
Bd6 20. Be2 hxg4 21. h4 g3 22. h5 Bh3 23. Re1 gxf2+ 24. Kxf2 Bg3+ 25. Ke3
Bxe1 26. Nc5 b6 27. Nd3 Bh4 28. e5 Bg4 29. Bxg4 Rxg4 30. exf6+ Bxf6 31. Nf4
Bg5 32. Kf3 Rxf4+ 33. Kg3 Rh4 34. h6 Rxh6 35. Kg4 Bd2 36. Kf5 Rf6+ 37. Ke4
Rf1 38. Kd3 Rf2 39. c4 f5 40. c5 f4 41. b4 Bxb4 42. cxb6 cxb6 43. a4 f3 44.
a5 bxa5 45. Ke3 Bc5+ 46. Kd3 a4 47. Kc3 Re2 48. Kd3 Re3+ 49. Kd2 f2 50. Kc2
f1=Q 51. Kd2 Qf2+ 52. Kd1 Re1# { White checkmated } 0-1

[Event "ICC tourney 2533 (25 5)"]
[Site "Internet Chess Club"]
[Date "2021.04.25"]
[Round "6"]
[White "SHUKLA, ARIN:K09-15582643"]
[Black "REMPE, LENNIK:K09-15868931"]
[Result "1-0"]
[ICCResult "Black checkmated"]
[WhiteElo "1553"]
[BlackElo "1144"]
[Opening "Two knights defense (Modern bishop's opening)"]
[ECO "C55"]
[NIC "IG.01"]
[Time "13:13:33"]
[PlyCount "59"]
[TimeControl "1500+5"]

1. e4 e5 2. Nf3 Nc6 3. Bc4 Nf6 4. d3 Be7 5. O-O O-O 6. Re1 d5 7. exd5 Nxd5
8. Nxe5 Re8 9. Qf3 Be6 10. Nxc6 bxc6 11. Bd2 Qd7 12. h3 Bf6 13. Nc3 Nxc3
14. Bxc3 Bxc3 15. Bxe6 Rxe6 16. bxc3 Rae8 17. Rxe6 Rxe6 18. Rb1 h6 19. Rb8+
Kh7 20. Qf5+ g6 21. Qf4 Qe7 22. Rb7 Rf6 23. Qe3 Qd6 24. Qd4 Qe6 25. Rxc7
Qe1+ 26. Kh2 Rxf2 27. Rc8 g5 28. Rh8+ Kg6 29. Rg8+ Kh5 30. Qg4# { Black
checkmated } 1-0

[Event "ICC tourney 2533 (25 5)"]
[Site "Internet Chess Club"]
[Date "2021.04.25"]
[Round "6"]
[White "VIBHAV BONDALAPATI, SRI:K09-16633657"]
[Black "SAMMONS, EVAN:K09-16792076"]
[Result "1/2-1/2"]
[ICCResult "Game drawn by repetition"]
[WhiteElo "1101"]
[BlackElo "1832"]
[Opening "French: exchange variation"]
[ECO "C01"]
[NIC "FR.01"]
[Time "13:10:56"]
[PlyCount "103"]
[TimeControl "1500+5"]

1. e4 e6 2. d4 d5 3. exd5 exd5 4. Nf3 Bd6 5. Bd3 Ne7 6. O-O O-O 7. c3 Nbc6
8. Qc2 h6 9. b4 a6 10. Nbd2 Bg4 11. h3 Bh5 12. a3 Bg6 13. Nb3 b6 14. Bd2
Qd7 15. Rfe1 Bxd3 16. Qxd3 Ng6 17. Re2 a5 18. b5 Nce7 19. a4 Bf4 20. Rae1
Bxd2 21. Qxd2 Nf5 22. Nc1 Rfe8 23. Nd3 f6 24. Nf4 Nxf4 25. Qxf4 Nd6 26. Nd2
Rxe2 27. Rxe2 Re8 28. Qf3 Rxe2 29. Qxe2 Qe8 30. Qxe8+ Nxe8 31. Kf1 Nd6 32.
Ke2 Kf7 33. Kd3 Ke6 34. g4 g5 35. f3 Kd7 36. Nf1 Nc4 37. Ng3 Nd6 38. Ne2
Ke6 39. f4 f5 40. fxg5 hxg5 41. gxf5+ Kxf5 42. Ng3+ Kf4 43. Nh5+ Kf5 44.
Ng7+ Kf6 45. Nh5+ Kf5 46. Ng3+ Kf4 47. Nh5+ Kf5 48. Ng7+ Kf6 49. Nh5+ Kf5
50. Ng7+ Kf6 51. Nh5+ Kf5 52. Ng3+ { Game drawn by repetition } 1/2-1/2

[Event "ICC tourney 2533 (25 5)"]
[Site "Internet Chess Club"]
[Date "2021.04.25"]
[Round "6"]
[White "CASTLE, CHASE:K09-30017074"]
[Black "J REEMALA, ANISH:K09-15202281"]
[Result "1-0"]
[ICCResult "Black checkmated"]
[WhiteElo "1111"]
[BlackElo "615"]
[Opening "Caro-Kann: Panov-Botvinnik attack"]
[ECO "B13"]
[NIC "CK.02"]
[Time "13:11:09"]
[PlyCount "153"]
[TimeControl "1500+5"]

1. e4 c6 2. d4 d5 3. exd5 cxd5 4. c4 Nf6 5. Nf3 Bg4 6. cxd5 Nxd5 7. h3 Bf5
8. Bb5+ Nc6 9. O-O e6 10. Bd3 Bxd3 11. Qxd3 Ncb4 12. Qe2 Be7 13. a3 Nc6 14.
Nc3 O-O 15. Qd3 Bf6 16. Bd2 Rc8 17. Nxd5 Qxd5 18. Be3 Rfd8 19. Rfd1 Qf5 20.
Qxf5 exf5 21. Rac1 h6 22. Rc2 Ne7 23. Rxc8 Rxc8 24. Rc1 Rxc1+ 25. Bxc1 Kf8
26. Kf1 Ke8 27. Ke2 Kd7 28. Kd3 Kd6 29. Kc4 Kc6 30. Ne5+ Bxe5 31. dxe5 Ng6
32. f4 a6 33. g3 b5+ 34. Kd4 h5 35. h4 Ne7 36. Bd2 Kb6 37. Bb4 Ng8 38. Bf8
g6 39. Kd5 Kc7 40. Bg7 Kd7 41. b3 Kc7 42. Kc5 Ne7 43. Bf8 Ng8 44. b4 Kb7
45. Kd6 Kc8 46. Kc6 Kd8 47. Kb6 Kd7 48. Kxa6 Kc6 49. Bc5 Nh6 50. Ka7 Ng4
51. Kb8 Nh2 52. Kc8 Nf1 53. Bf2 Kd5 54. Kd7 Nh2 55. Ke7 Nf3 56. Kxf7 Nd2
57. e6 Ne4 58. e7 Kc4 59. e8=Q Nd6+ 60. Ke7 Nxe8 61. Kxe8 Kb3 62. Bc5 Kxa3
63. Kf7 Kb3 64. Kxg6 Kc4 65. Kxf5 Kd3 66. Kg5 Ke4 67. f5 Ke5 68. Kg6 Kd5
69. f6 Ke6 70. f7 Kd7 71. f8=Q Kc6 72. Qd6+ Kb7 73. Qb6+ Kc8 74. Qa7 Kd8
75. Kf6 Kc8 76. Ke6 Kd8 77. Qd7# { Black checkmated } 1-0

[Event "ICC tourney 2533 (25 5)"]
[Site "Internet Chess Club"]
[Date "2021.04.25"]
[Round "6"]
[White "MUTHUKUMARAN, ARJUN:K09-30018527"]
[Black "KOLLI, SIVA:K09-16953345"]
[Result "1-0"]
[ICCResult "Black checkmated"]
[WhiteElo "914"]
[BlackElo "181"]
[Opening "Queen's pawn, Mason variation"]
[ECO "D00"]
[NIC "QP.08"]
[Time "13:10:31"]
[PlyCount "113"]
[TimeControl "1500+5"]

1. d4 d5 2. Bf4 Nf6 3. e3 Bf5 4. c4 c6 5. Nc3 e6 6. Nf3 Bb4 7. Be2 Nbd7 8.
O-O O-O 9. Ne5 Ne4 10. Nxe4 Bxe4 11. Bd3 Bxd3 12. Qxd3 Nf6 13. h3 Ne4 14.
Rad1 Re8 15. a3 Ba5 16. f3 dxc4 17. Qxe4 f5 18. Qc2 Qd5 19. Qxc4 Qxc4 20.
Nxc4 Bd8 21. Nd6 Re7 22. Bg5 Rd7 23. Bxd8 Raxd8 24. Nc4 c5 25. Ne5 Rd5 26.
f4 cxd4 27. exd4 Rxd4 28. Rxd4 Rxd4 29. Rc1 Kf8 30. g3 Ke7 31. Rc7+ Kd8 32.
Rxb7 Ra4 33. Nc6+ Kc8 34. Rxa7 Rc4 35. Ne5 Rc1+ 36. Kf2 Rc2+ 37. Ke3 Rxb2
38. Rxg7 Rb3+ 39. Nd3 Rxa3 40. Rxh7 Kd8 41. h4 Ke8 42. h5 Kf8 43. Rc7 Ra1
44. h6 Rh1 45. h7 Ke8 46. Rc8+ Kf7 47. h8=Q Rxh8 48. Rxh8 Ke7 49. Kd4 Kd6
50. Rh6 Ke7 51. Ke5 Kd7 52. Rxe6 Kd8 53. Kf6 Kd7 54. Ne5+ Kc7 55. Rc6+ Kd8
56. Ke6 Ke8 57. Rc8# { Black checkmated } 1-0

[Event "ICC tourney 2533 (25 5)"]
[Site "Internet Chess Club"]
[Date "2021.04.25"]
[Round "6"]
[White "ZONG, DAVIS:K09-14980186"]
[Black "EISENBRAUN, TYLER:K09-30031250"]
[Result "1-0"]
[ICCResult "Black checkmated"]
[WhiteElo "2269"]
[BlackElo "472"]
[Opening "King's Indian: 6.Be2"]
[ECO "E91"]
[NIC "KI.19"]
[Time "13:10:08"]
[PlyCount "113"]
[TimeControl "1500+5"]

1. d4 Nf6 2. c4 g6 3. Nc3 Bg7 4. e4 d6 5. Nf3 O-O 6. Be2 Re8 7. O-O e5 8.
d5 c6 9. Be3 cxd5 10. cxd5 Na6 11. Rc1 Nc5 12. Nd2 a6 13. b4 Ncd7 14. a4 b6
15. Nc4 Bf8 16. Qd2 a5 17. bxa5 bxa5 18. f3 Nc5 19. Bxc5 dxc5 20. Rb1 Ba6
21. Nb5 Bxb5 22. Rxb5 h5 23. Nxa5 Qd7 24. Rfb1 Qc7 25. Bc4 Reb8 26. Nc6
Rxb5 27. axb5 Nd7 28. d6 Bxd6 29. Rd1 Nb6 30. Bxf7+ Kxf7 31. Qxd6 Qxd6 32.
Rxd6 Nc4 33. Rd5 Ke6 34. Rxc5 Ra1+ 35. Kf2 Rc1 36. b6 Rc2+ 37. Kg3 Rb2 38.
Rxc4 Rxb6 39. Nb4 Kd6 40. Kh4 Ke6 41. Rc6+ Rxc6 42. Nxc6 Kf6 43. g3 g5+ 44.
Kxh5 Ke6 45. Kxg5 Kd6 46. Nb4 Ke6 47. h4 Kf7 48. h5 Kg7 49. Nd3 Kh7 50.
Nxe5 Kh8 51. Kg6 Kg8 52. h6 Kh8 53. Nf7+ Kg8 54. h7+ Kf8 55. h8=Q+ Ke7 56.
Qd8+ Ke6 57. Qd6# { Black checkmated } 1-0

[Event "ICC tourney 2533 (25 5)"]
[Site "Internet Chess Club"]
[Date "2021.04.25"]
[Round "6"]
[White "NOAH MANDL CIOLEK, SIMON:K09-14759264"]
[Black "MAITI, VEDANT:K09-16844427"]
[Result "1-0"]
[ICCResult "Black resigns"]
[WhiteElo "1149"]
[BlackElo "628"]
[Opening "Ruy Lopez: Anderssen variation"]
[ECO "C77"]
[NIC "RL.12"]
[Time "13:13:03"]
[PlyCount "71"]
[TimeControl "1500+5"]

1. e4 e5 2. Nf3 Nc6 3. Bb5 a6 4. Ba4 Nf6 5. d3 Bc5 6. O-O d6 7. Bg5 h6 8.
Bh4 Bd7 9. Nc3 g5 10. Bg3 Nh5 11. Kh1 Ne7 12. Bb3 Ng6 13. Nd2 Nhf4 14. Nd5
Nxd5 15. Bxd5 c6 16. Bb3 Qe7 17. Qf3 f6 18. Nc4 O-O-O 19. c3 Ba7 20. d4 Bb8
21. dxe5 fxe5 22. Rad1 Bc7 23. Rd2 Be6 24. Rfd1 h5 25. h3 g4 26. Qe3 gxh3
27. Qa7 hxg2+ 28. Kxg2 h4 29. Qa8+ Kd7 30. Qxb7 Bxc4 31. Rxd6+ Ke8 32.
Qxc6+ Kf8 33. Rf6+ Kg8 34. Rxg6+ Kh7 35. Rh6+ Kg8 36. Bxc4+ { Black resigns
} 1-0

[Event "ICC tourney 2533 (25 5)"]
[Site "Internet Chess Club"]
[Date "2021.04.25"]
[Round "6"]
[White "LIN, DANIEL:K09-16504433"]
[Black "O NICHOLAS, CLARK:K09-14687296"]
[Result "1-0"]
[ICCResult "Black checkmated"]
[WhiteElo "663"]
[BlackElo "224"]
[Opening "Ruy Lopez: old Steinitz defense"]
[ECO "C62"]
[NIC "RL.02"]
[Time "13:13:11"]
[PlyCount "101"]
[TimeControl "1500+5"]

1. e4 e5 2. Nf3 Nc6 3. Bb5 d6 4. d4 a6 5. Ba4 Nf6 6. Nc3 b5 7. Bb3 Bg4 8.
Be3 Nxd4 9. Bxd4 exd4 10. Qxd4 Be7 11. Nd5 c5 12. Nxf6+ Bxf6 13. Qd5 Be6
14. Qc6+ Bd7 15. Qd5 Qe7 16. Qxa8+ Qd8 17. Qd5 Be6 18. Qc6+ Bd7 19. Qd5 Be6
20. Qh5 Bxb3 21. axb3 Bxb2 22. Rd1 Bc3+ 23. Kf1 g6 24. Qh6 Qc7 25. e5 dxe5
26. Qg7 e4 27. Qxc3 O-O 28. Ng5 Rd8 29. Rxd8+ Qxd8 30. Ke2 Qxg5 31. Rd1
Qh5+ 32. Ke1 Qh4 33. g3 Qg5 34. f4 Qe7 35. g4 e3 36. Ke2 Qh4 37. Kf3 Qf2+
38. Ke4 Qg2+ 39. Ke5 f6+ 40. Kxf6 Qc6+ 41. Ke7 Qc7+ 42. Rd7 Qxd7+ 43. Kxd7
Kf7 44. Qe5 g5 45. Qxe3 a5 46. fxg5 a4 47. bxa4 bxa4 48. Qe6+ Kg7 49. Qf6+
Kg8 50. Ke7 a3 51. Qf8# { Black checkmated } 1-0

[Event "ICC tourney 2533 (25 5)"]
[Site "Internet Chess Club"]
[Date "2021.04.25"]
[Round "6"]
[White "ZHAO, MILES:K09-15597206"]
[Black "CHEN, JONAH:K09-15805266"]
[Result "1-0"]
[ICCResult "Black resigns"]
[WhiteElo "1843"]
[BlackElo "1308"]
[Opening "French: Tarrasch, Guimard main line"]
[ECO "C04"]
[NIC "FR.15"]
[Time "13:13:01"]
[PlyCount "59"]
[TimeControl "1500+5"]

1. e4 e6 2. d4 d5 3. Nd2 Nc6 4. Ngf3 Nf6 5. e5 Nd7 6. Bb5 a6 7. Ba4 f6 8.
O-O b5 9. Bb3 fxe5 10. dxe5 Ndxe5 11. Nxe5 Nxe5 12. Re1 Nc6 13. Qh5+ Kd7
14. Nf3 g6 15. Qg4 Qf6 16. Bxd5 h5 17. Bxc6+ Kxc6 18. Qe4+ Kb6 19. Be3+ c5
20. Qxa8 Bb7 21. Qb8 Be7 22. Qf4 Qxb2 23. Ne5 g5 24. Nd7+ Kc6 25. Qe4+ Kxd7
26. Qxb7+ Ke8 27. Rad1 Qc3 28. Bd2 Qxc2 29. Qc8+ Bd8 30. Bxg5 { Black
resigns } 1-0